AoeStats
← Rafaelbdoo

Arena

504659854Analyzed
1v1 RM · 28d ago on Sep 6, 2026· 22m 36s· 2 players
Game mode
Random Map
Map size
Tiny (2 player)
Population
200
Speed
Normal
Resources
Standard
Victory
Conquest
Starting age
Dark Age
Ending age
Imperial Age
RankedLock teamsTeams togetherTeam positionsShared explorationLock speedFull tech treeHidden civsTurbo modeCheats
Victory
Defeat
🇨🇦 Celts · Canada
977
+17
🇧🇷 Spanish · Brazil
1000
-51
nic.87
10:09 Feudal Age
8:39 Loom
14:40 Castle Age
12:54 Double-Bit Axe
13:24 Loom
15:25 Horse Collar
Rafaelbdoo
11:27 Feudal Age
12:51 Wheelbarrow
15:45 Double-Bit Axe
16:19 Stone Mining
20:07 Castle Age
20:18 Pikeman
Connection lost

Rejoining the realm…

Still unreachable

The connection could not be restored.

Session expired

The server has moved on; the page needs a fresh start.